AoeStats
← a20th_

Oasis

507321064Analyzed
4v4 RM · 15d ago on Sep 17, 2026· 36m 59s· 8 players
Game mode
Random Map
Map size
Large (8 player)
Population
200
Speed
Normal
Resources
Standard
Victory
Conquest
Starting age
Dark Age
Ending age
Imperial Age
RankedLock teamsTeams togetherTeam positionsShared explorationLock speedFull tech treeHidden civsTurbo modeCheats
Victory
Defeat
🇦🇷 Inca · Argentina
1034
+9
🇧🇷 Slavs · Brazil
941
+12
🇵🇪 Bulgarians · Peru
904
+14
🇵🇪 Tatars · Peru
856
+16
🇹🇷 Bohemians · Türkiye
889
-14
🇩🇰 Teutons · Denmark
869
-13
🇳🇴 Persians · Norway
850
-12
🇭🇺 Mongols · Hungary
832
-12
NeverArabia
8:16 Loom
10:48 Feudal Age
19:37 Castle Age
18:01 Stone Mining
20:55 Horse Collar
22:36 Double-Bit Axe
26:03 Scale Barding Armor
26:09 Forging
27:27 Gold Mining
28:34 Chain Barding Armor
28:49 Iron Casting
28:27 Bloodlines
28:17 Husbandry
28:57 Wheelbarrow
34:39 Imperial Age
34:37 Bow Saw
34:06 Pikeman
34:49 Squires
34:51 Scale Mail Armor
35:43 Hand Cart
35:47 Chain Mail Armor
35:51 Heavy Plow
38:01 Blast Furnace
37:32 Plate Mail Armor
0204isaias
6:51 Loom
11:03 Feudal Age
16:56 Castle Age
16:03 Horse Collar
16:19 Double-Bit Axe
19:39 Heavy Plow
25:17 Forging
25:13 Scale Barding Armor
29:18 Iron Casting
29:43 Chain Barding Armor
[ESTG] Daupoch
8:16 Loom
12:46 Feudal Age
13:55 Double-Bit Axe
13:53 Horse Collar
13:47 Champi Runner
14:13 Arson
15:41 Scale Mail Armor
20:13 Wheelbarrow
23:48 Castle Age
22:26 Gold Mining
23:51 Forging
25:31 Chain Mail Armor
24:48 Champi Warrior
26:08 Iron Casting
25:43 Squires
26:09 Hand Cart
26:08 Bow Saw
33:29 Heavy Plow
34:06 Gold Shaft Mining
fadul2105
10:56 Feudal Age
15:05 Double-Bit Axe
16:22 Fletching
17:02 Loom
22:09 Castle Age
25:43 Forging
24:56 Pikeman
29:15 Iron Casting
31:49 Bodkin Arrow
34:07 Wheelbarrow
33:53 Bow Saw
35:54 Hand Cart
mm_ken
1:10 Loom
1:19 Loom
12:13 Feudal Age
10:31 Loom
15:04 Town Watch
15:06 Horse Collar
17:50 Castle Age
16:23 Loom
17:27 Gold Mining
17:34 Double-Bit Axe
17:58 Scale Barding Armor
18:04 Forging
19:53 Heavy Plow
20:31 Stone Mining
21:39 Wheelbarrow
22:02 Forging
23:29 Scale Mail Armor
23:50 Chain Barding Armor
23:41 Forging
23:44 Scale Mail Armor
23:48 Stone Mining
23:32 Pikeman
24:17 Fletching
24:40 Bow Saw
26:19 Iron Casting
26:55 Squires
28:33 Bloodlines
29:30 Stone Shaft Mining
30:33 Chain Mail Armor
32:54 Arson
32:31 Man-at-Arms
32:56 Gambesons
34:52 Long Swordsman
35:17 Gambesons
kris10an
11:19 Feudal Age
16:06 Castle Age
16:00 Wheelbarrow
15:12 Double-Bit Axe
15:12 Horse Collar
25:26 Fletching
FthFth
2:36 Loom
14:46 Feudal Age
16:48 Double-Bit Axe
19:30 Castle Age
17:16 Horse Collar
21:21 Bow Saw
27:45 Imperial Age
25:21 Heavy Plow
25:49 Pikeman
26:30 Squires
27:34 Murder Holes
28:00 Ballistics
32:36 Chemistry
a20th_
6:50 Loom
11:51 Feudal Age
17:36 Castle Age
16:42 Gold Mining
16:44 Stone Mining
25:05 Horse Collar
27:35 Double-Bit Axe
28:21 Heavy Plow
Connection lost

Rejoining the realm…

Still unreachable

The connection could not be restored.

Session expired

The server has moved on; the page needs a fresh start.